 Dungeon Crawl Stone Soup version 0.26-a0-61-g6c07f0e (webtiles) character file.

Game seed: 17505580442701804871

153 Ayyar the Ruffian (level 5, 0/42 HPs)
             Began as a Draconian Transmuter on June 9, 2020.
             Succumbed to Crazy Yiuf's poison
             ... on level 3 of the Dungeon.
             The game lasted 00:10:15 (2705 turns).

Ayyar the Ruffian (Draconian Transmuter)            Turns: 2705, Time: 00:10:15

Health: 0/42       AC:  5    Str: 14    XL:     5   Next: 12%
Magic:  1/9        EV: 12    Int: 13    God:
Gold:   126        SH:  0    Dex: 11    Spells: 6/9 levels left

rFire    + . .     SeeInvis .     - Unarmed
rCold    + . .     Gourm    .   (no shield)
rNeg     . . .     Faith    .   (armour unavailable)
rPois    .         Spirit   .   (helmet restricted)
rElec    .         Reflect  .   j - scarf {rC+ rF+}
rCorr    .         Harm     .   (no gloves)
MR       .....                  (no boots)
Stlth    +.........             (no amulet)
HPRegen  0.14/turn              (no ring)
MPRegen  0.11/turn              (no ring)

@: mighty, lethally poisoned (0 -> -8), very slightly contaminated
A: unfitting armour, cold-blooded, AC +5
a: no special abilities


You were on level 3 of the Dungeon.
You were hungry.

You visited 1 branch of the dungeon, and saw 3 of its levels.

You collected 126 gold pieces.

Inventory:

Missiles
 a - 32 arrows
 g - a throwing net (quivered)
 q - 15 poisoned darts
Armour
 j - a scarf of resistance (worn)
Jewellery
 p - an uncursed ring of positive energy {unknown}
Scrolls
 f - a scroll of remove curse {unknown}
 i - 2 scrolls of identify {unknown}
 k - 3 scrolls of enchant weapon {unknown}
 l - a scroll of teleportation {unknown}
 n - a scroll of fog {unknown}
 o - 4 scrolls of amnesia {unknown}
Potions
 b - 2 potions of curing {unknown}
 d - a potion of flight {unknown}
 e - a potion of might
 h - a potion of brilliance {unknown}
Comestibles
 c - 6 rations
 m - 3 chunks of flesh


   Skills:
 + Level 2.3 Fighting
 + Level 2.5 Dodging
 + Level 3.5 Unarmed Combat
 + Level 2.7 Spellcasting
 * Level 3.3 Transmutations


You had 6 spell levels left.
You knew the following spells:

 Your Spells              Type           Power        Failure   Level  Hunger
a - Beastly Appendage     Tmut           ##....       6%          1    #......
b - Sticks to Snakes      Tmut           ##......     9%          2    ###....

Your spell library contained the following spells:

 Spells                   Type           Power        Failure   Level  Hunger
 Spider Form              Tmut/Pois      #.........   34%         3    ###....
 Ice Form                 Ice/Tmut       #.......     75%         4    #####..
 Blade Hands              Tmut           ##........   86%         5    ######.


Dungeon Overview and Level Annotations

Branches:
Dungeon (3/15)

Altars:
Fedhas
Kikubaaqudgha
Nemelex Xobeh

Annotations:
D:3 Crazy Yiuf


Innate Abilities, Weirdness & Mutations

Your plain brown scales are hard. (AC +5)
You cannot fit into any form of body armour.
You are cold-blooded and may be slowed by cold attacks.


Message History

Your ball python bites Crazy Yiuf but does no damage.
Your ball python grabs Crazy Yiuf.
Your ball python constricts Crazy Yiuf.
You hit Crazy Yiuf.
Crazy Yiuf is moderately wounded.
You feel sick.
Your ball python bites Crazy Yiuf but does no damage.
Your ball python constricts Crazy Yiuf.
Crazy Yiuf hits you with a +2 quarterstaff of chaos!
* * * LOW HITPOINT WARNING * * *
You are electrocuted!
* * * LOW HITPOINT WARNING * * *
Your ball python bites the fungus.
Your ball python completely misses the fungus.
* * * LOW HITPOINT WARNING * * *
You feel sick.
Your ball python bites Crazy Yiuf.
Your ball python constricts Crazy Yiuf.
Crazy Yiuf barely misses your ball python.
It was a potion of might.
You feel very mighty all of a sudden.
You die...

#.#..............#
#.#..............#######
#>...................... .
######.....###############
#.....# ##...## #....#
#..^.# ♣PP.@♣ ♣.SS♣♣ ♣♣g♣♣
# ♣.♣♣ . ♣♣.♣ #### ♣.♣♣
#..# ♣♣.♣ #..# #'# #####
#..# ... #..... #..#


You could see Crazy Yiuf and 2 friendly ball pythons.

Vanquished Creatures
  Robin (D:2)
  3 gnolls (D:3)
  An adder (D:3)
  2 oozes (D:2)
  3 worms (D:2)
  An adder skeleton (D:3)
  2 dart slugs
  4 orcs (D:3)
  2 ball pythons (D:2)
  2 giant cockroaches (D:3)
  19 goblins
  6 hobgoblins
  12 jackals
  5 kobolds
  2 quokkas
  2 bats
  4 frilled lizards
  6 rats
77 creatures vanquished.

Notes
Turn   | Place    | Note
-------+----------+-------------------------------------------
     0 | D:1      | Ayyar the Draconian Transmuter began the quest for the Orb.
     0 | D:1      | Reached XP level 1. HP: 16/16 MP: 3/3
   110 | D:1      | Reached XP level 2. HP: 23/23 MP: 5/5
   574 | D:1      | Learned a level 2 spell: Sticks to Snakes
   790 | D:2      | Reached XP level 3. HP: 26/29 MP: 4/6
   819 | D:2      | Noticed Robin
   831 | D:2      | Found a sparkling altar of Nemelex Xobeh.
  1274 | D:2      | Found an ancient bone altar of Kikubaaqudgha.
  1316 | D:2      | Killed Robin
  1650 | D:2      | Reached XP level 4. HP: 36/36 MP: 5/7
  2440 | D:3      | Reached XP level 5. HP: 35/41 MP: 7/9
  2530 | D:3      | Found a blossoming altar of Fedhas.
  2685 | D:3      | Found a runed translucent door.
  2686 | D:3      | Noticed Crazy Yiuf
  2703 | D:3      | HP: 2/42 [Crazy Yiuf/+2 quarterstaff of chaos (9)]
  2705 | D:3      | Succumbed to Crazy Yiuf's poison

Illustrated notes

Levels and vault maps discovered:
D:1:      dpeg_arrival_ternary, layout_rooms
D:2:      layout_basic, nemelex_xobeh_ov_fountains_minmay,
          overflow_temple_1_default, minmay_between, uniq_robin
D:3:      layout_basic, fedhas_altar_fruit_tree, first_ration,
          chequers_serial_rivers_room_a, uniq_crazy_yiuf_cottage

Skill      XL: |  1  2  3  4 |
---------------+-------------+-----
Dodging        | 2 |  2.5
Fighting       | 2 |  2.3
Transmutations | 3 |  3.3
Unarmed Combat | |  3.5
Spellcasting   | |  2.7

Action                   |  1- 3 |  4- 6 || total
-------------------------+-------+-------++-------
Melee: Unarmed           |   107 |   105 ||   212
       Tailslap          |     6 |     8 ||    14
       Kick              |    12 |    15 ||    27
       Headbutt          |     5 |     1 ||     6
       Punch             |     1 |     4 ||     5
 Cast: Beastly Appendage |    18 |    12 ||    30
       Sticks to Snakes  |     1 |     2 ||     3
  Use: Potion            |       |     1 ||     1
 Stab: Sleeping          |     1 |       ||     1
  Eat: Chunk             |     3 |     3 ||     6
Armor: Skin              |    32 |    27 ||    59
Dodge: Dodged            |    59 |    61 ||   120

Table legend:
 A = Non-vault XP
 B = Vault XP
 C = Vault XP percentage of total XP
 D = Non-vault monster count
 E = Vault monster count
 F = Vault count percentage of total count
                 A         B        C        D         E       F
            +---------+---------+-------+---------+---------+-------
      Total |     180 |      39 |  17.8 |      61 |      16 |  20.8
            +---------+---------+-------+---------+---------+-------
        D:1 |      28 |       0 |   0.0 |      15 |       0 |   0.0
        D:2 |      52 |      39 |  42.9 |      21 |      16 |  43.2
        D:3 |     100 |       0 |   0.0 |      25 |       0 |   0.0
            +---------+---------+-------+---------+---------+-------
